 Dungeon Crawl Stone Soup version 0.25-a0-547-g27a0b5d1ef (webtiles) character file.

Game seed: 3958795711881325254, levelgen mode: classic

2951 EnegeticOcto the Cleaver (level 9, -13/86 HPs)
             Began as a Deep Dwarf Fighter on Feb 22, 2020.
             Mangled by a large abomination (20 damage)
             ... on level 2 of the Abyss.
             The game lasted 00:02:52 (2785 turns).

EnegeticOcto the Cleaver (Deep Dwarf Fighter)       Turns: 2785, Time: 00:02:53

Health: -13/86     AC: 14    Str: 27    XL:     9   Next: 51%
Magic:  5/5        EV:  8    Int: 10    God:
Gold:   136        SH: 11    Dex: 12    Spells: 8/8 levels left

rFire    . . .     SeeInvis +   a - +1 war axe
rCold    + . .     Gourm    .   c - +0 kite shield
rNeg     . . .     Faith    .   m - +0 plate armour
rPois    .         Spirit   .   (no helmet)
rElec    .         Reflect  .   o - +0 cloak
rCorr    .         Harm     .   (no gloves)
MR       +....                  (no boots)
Stlth    ..........             (no amulet)
HPRegen  0.00/turn              t - +3 ring of strength
MPRegen  0.09/turn              q - ring of protection from cold

@: non-regenerating
A: damage resistance, heal wounds, see invisible, clever 1, sense surroundings
2, no regeneration
a: Heal Wounds


You were on level 2 of the Abyss.
You were not hungry.

You visited 2 branches of the dungeon, and saw 8 of its levels.
You visited the Abyss 1 time.

You collected 281 gold pieces.
You spent 145 gold pieces at shops.

Inventory:

Hand Weapons
 a - a +1 war axe (weapon)
Missiles
 p - a throwing net (quivered)
Armour
 c - a +0 kite shield (worn)
 m - a +0 plate armour (worn)
 o - a +0 cloak (worn)
Jewellery
 q - a ring of protection from cold (right hand)
 t - a +3 ring of strength (left hand)
Wands
 h - a wand of flame (4)
Scrolls
 d - a scroll of enchant armour {unknown}
 l - 3 scrolls of remove curse {@r6}
 r - a scroll of fear
 s - 2 scrolls of enchant weapon
 u - a scroll of identify {@r1}
Potions
 b - 3 potions of brilliance {unknown}
 f - a potion of degeneration {unknown}
 g - 4 potions of curing {@q1}
 i - a potion of ambrosia {unknown}
 j - a potion of stabbing {@q5}
 k - 2 potions of might {@q3}
 n - 2 potions of mutation
 w - a potion of flight {unknown}
Comestibles
 e - 7 rations
 v - 16 chunks of flesh


   Skills:
 * Level 7.0 Fighting
 * Level 8.1 Axes
 + Level 6.4 Armour
 + Level 5.3 Dodging
 + Level 6.2 Shields


You had 8 spell levels left.
You didn't know any spells.
Your spell library was empty.

Dungeon Overview and Level Annotations

Branches:
Dungeon (7/15)             Temple (1/1) D:6

Altars:
Cheibriados
Dithmenos
Elyvilon
Fedhas
Gozag
Hepliaklqana
Kikubaaqudgha
Nemelex Xobeh
Qazlal
Ru
Sif Muna
Trog
Uskayaw
Vehumet
Wu Jian
Yredelemnul
Zin
The Shining One

Shops:
D:5 *   D:7 !


Innate Abilities, Weirdness & Mutations

You are resistant to damage.
You can heal yourself by infusing magical energy.
You passively map the area around you.
You do not regenerate.
You have supernaturally acute eyesight. (SInv)
Your mind is acute. (Int +2)


Message History

You are too injured to fight recklessly!
You are too injured to fight recklessly!
You are too injured to fight recklessly!
You feel much better.
You are covered in liquid flames!
The unseen horror hits you.
You are covered in liquid flames!
The unseen horror hits you but does no damage.
The unseen horror barely misses you. The unseen horror closely misses you.
You block the unseen horror's attack. The unseen horror barely misses you.
You hit the unseen horror but do no damage.
The unseen horror is moderately wounded.
The unseen horror barely misses you.
The unseen horror hits you but does no damage.
You hit the unseen horror.
The unseen horror is heavily wounded.
You block the unseen horror's attack. The unseen horror hits you.
You closely miss the unseen horror.
The unseen horror is heavily wounded.
The unseen horror closely misses you.
The unseen horror completely misses you.
You hit the unseen horror.
The unseen horror is heavily wounded.
You block the unseen horror's attack.
A large abomination comes into view.
You hit the unseen horror.
The unseen horror is severely wounded.
The unseen horror hits you but does no damage.
Some of the chunks of flesh in your inventory have rotted away.
The unseen horror hits you! You block the unseen horror's attack.
The unseen horror hits you but does no damage.
The unseen horror closely misses you.
You barely miss the unseen horror.
The unseen horror is severely wounded.
The unseen horror hits you but does no damage.
You block the unseen horror's attack. The unseen horror closely misses you.
The large abomination hits you!!
* * * LOW HITPOINT WARNING * * *
You are too injured to fight recklessly!
You are too injured to fight recklessly!
You are too injured to fight recklessly!
You are too injured to fight recklessly!
You are too injured to fight recklessly!
You are too injured to fight recklessly!
You are too injured to fight recklessly!
You are too injured to fight recklessly!
You are too injured to fight recklessly!
You are too injured to fight recklessly!
You are too injured to fight recklessly!
You are too injured to fight recklessly!
You fail to use your ability.
The unseen horror hits you but does no damage.
You block the large abomination's attack.
You feel much better. You block the unseen horror's attack.
You block the large abomination's attack.
You slash the large abomination!
The large abomination is moderately damaged.
You block the unseen horror's attack. The large abomination hits you!
Your plate armour prevents you from hitting the large abomination.
The large abomination is moderately damaged.
You block the unseen horror's attack.
The large abomination barely misses you.
The large abomination hits you but does no damage.
You slash the unseen horror!
The unseen horror is severely wounded.
Your shield and plate armour prevent you from hitting the large abomination.
The unseen horror hits you but does no damage.
The large abomination hits you!!
You are too injured to fight recklessly!
You are too injured to fight recklessly!
You are too injured to fight recklessly!
You are too injured to fight recklessly!
You are too injured to fight recklessly!
You are too injured to fight recklessly!
You are too injured to fight recklessly!
You feel much better. You block the unseen horror's attack.
The large abomination hits you!
You feel much better.
You block the unseen horror's attack. x2
You block the large abomination's attack.
You barely miss the unseen horror.
The unseen horror is severely wounded.
You hit the large abomination. You block the unseen horror's attack.
The large abomination hits you!!
You slash the large abomination!
The large abomination is severely damaged.
You block the large abomination's attack.
You slash the large abomination!
The large abomination is almost destroyed.
You closely miss the unseen horror. The unseen horror hits you.
You block the large abomination's attack.
You hit the large abomination.
The large abomination is almost destroyed.
You slash the unseen horror! You block the unseen horror's attack.
The large abomination hits you!!
* * * LOW HITPOINT WARNING * * *
The large abomination hits you!!
You die...

#. # .#.... ... #
...#...##..... . .
. .....#........
#................
.....##..........#
... #...........
.#...##..........
.#.......X...#....
........@........
........x.........
................
..#.....#.....#...
##...###...###..
#.... ....# ..
.....โ‰ˆ ......
##.#..โ‰ˆ ##.#.#
...โ‰ˆยง ..


You could see a large abomination and an unseen horror (invisible).

Vanquished Creatures
  Pikel (D:4)
  A smoke demon (Abyss:2)
  Grinder (D:4)
  A hippogriff (D:7)
  Eustachio (D:4)
  Menkaure (D:5)
  Duvessa (D:4)
  A phantom (D:4)
  An orc warrior (D:6)
  2 ogres (D:7)
  2 centaurs
  A bullfrog (D:6)
  Dowan (D:4)
  A scorpion (D:6)
  2 howler monkeys
  A crimson imp (D:5)
  A centaur skeleton (D:4)
  2 bullfrog skeletons
  2 orc priests
  A hound (D:6)
  4 orc wizards
  Crazy Yiuf (D:4)
  An iguana (D:6)
  6 worker ants
  5 gnolls
  8 adders
  A howler monkey skeleton (D:7)
  A shadow imp (D:5)
  An adder skeleton (D:4)
  2 leopard geckos
  20 orcs
  A ball python (D:5)
  A bat (D:1)
  2 hobgoblins
  3 quokkas
  2 frilled lizards
  A jackal skeleton (D:4)
85 creatures vanquished.

Vanquished Creatures (others)
  An ogre (D:4)
1 creature vanquished.

Grand Total: 86 creatures vanquished

Notes
Turn   | Place    | Note
-------+----------+-------------------------------------------
     0 | D:1      | EnegeticOcto the Deep Dwarf Fighter began the quest for the
                  | Orb.
     0 | D:1      | Reached XP level 1. HP: 20/20 MP: 1/1
   232 | D:2      | Reached XP level 2. HP: 24/27 MP: 2/2
   372 | D:4      | Noticed Duvessa
   372 | D:4      | Noticed Dowan
   402 | D:4      | Killed Duvessa
   402 | D:4      | Reached skill level 3 in Axes
   402 | D:4      | Reached skill level 1 in Dodging
   402 | D:4      | Reached XP level 3. HP: 19/34 MP: 3/3
   402 | D:4      | Reached XP level 4. HP: 24/42 MP: 4/4
   402 | D:4      | Killed Dowan
   402 | D:4      | Reached XP level 5. HP: 28/50 MP: 5/5
   437 | D:4      | Found a blossoming altar of Fedhas.
   506 | D:4      | Reached skill level 4 in Axes
   533 | D:4      | Noticed a slave
   533 | D:4      | Noticed a slave
   533 | D:4      | Noticed Pikel
   534 | D:4      | Noticed a slave
   535 | D:4      | Noticed a slave
   568 | D:4      | Killed Pikel
   568 | D:4      | Reached skill level 5 in Axes
   568 | D:4      | Reached XP level 6. HP: 38/58 MP: 6/6
   568 | D:4      | Reached XP level 7. HP: 43/66 MP: 7/7
   600 | D:4      | Noticed Grinder
   614 | D:4      | Killed Grinder
   614 | D:4      | Reached skill level 5 in Fighting
   652 | D:4      | Noticed Eustachio
   746 | D:4      | Killed Eustachio
   746 | D:4      | Reached skill level 6 in Axes
   746 | D:4      | Reached skill level 5 in Armour
   746 | D:4      | Reached skill level 5 in Shields
   746 | D:4      | Reached XP level 8. HP: 34/74 MP: 6/6
   760 | D:4      | Found a hide-covered altar of Uskayaw.
   988 | D:4      | Found a runed translucent door.
   989 | D:4      | Noticed Crazy Yiuf
  1117 | D:4      | Killed Crazy Yiuf
  1148 | D:5      | Entered Level 5 of the Dungeon
  1293 | D:5      | Found a shadowy altar of Dithmenos.
  1387 | D:5      | Found a radiant altar of Vehumet.
  1441 | D:5      | Found Oluishri's Assorted Antiques.
  1451 | D:5      | Bought a scroll labeled IDYOXT ROPH for 29 gold pieces
  1451 | D:5      | Bought a scroll labeled IHEVVA HUSTUFO for 29 gold pieces
  1451 | D:5      | Bought a scroll labeled FAIFANONINT for 29 gold pieces
  1451 | D:5      | Bought a scroll labeled QIOFRA LIVVEBB for 29 gold pieces
  1490 | D:5      | Bought a scroll labeled IFUVUA EPPERAJ for 29 gold pieces
  1491 | D:5      | Gained mutation: You have supernaturally acute eyesight.
                  | (SInv) [potion of mutation]
  1491 | D:5      | Gained mutation: Your mind is acute. (Int +2) [potion of
                  | mutation]
  1491 | D:5      | Gained mutation: You passively map the area around you.
                  | [potion of mutation]
  1506 | D:5      | Noticed Menkaure
  1514 | D:5      | Killed Menkaure
  1520 | D:5      | Found an ornate altar of the Wu Jian Council.
  1764 | D:6      | Reached skill level 7 in Axes
  1793 | D:6      | Found a bloodstained altar of Trog.
  1821 | D:6      | Found a glowing silver altar of Zin.
  1940 | D:6      | Found a staircase to the Ecumenical Temple.
  1969 | D:6      | Mutation became permanent: You passively map a small area
                  | around you. [Deep Dwarf growth]
  1969 | D:6      | Gained mutation: You passively map the area around you.
                  | [Deep Dwarf growth]
  1969 | D:6      | Reached XP level 9. HP: 63/84 MP: 5/5
  1971 | Temple   | Entered the Ecumenical Temple
  2661 | D:7      | Found Cuofu's Distillery.
  2680 | D:7      | Reached skill level 5 in Dodging
  2733 | D:7      | Cast into level 2 of the Abyss (gnoll sergeant)
  2738 | Abyss:2  | Noticed an unseen horror
  2746 | Abyss:2  | Noticed a smoke demon
  2757 | Abyss:2  | Killed a smoke demon
  2757 | Abyss:2  | Reached skill level 8 in Axes
  2768 | Abyss:2  | Noticed a large abomination
  2785 | Abyss:2  | Mangled by a large abomination

Levels and vault maps discovered:
D:1:      matt_arrival_grand_opening, layout_basic
D:2:      layout_rooms, lightli_temple_of_fire, elyvilon_altar_1, uniq_jessica,
          uniq_robin, uniq_terence
D:3:      layout_loops_cross, first_ration, hangedman_decor_lopped, uniq_ijyb
D:4:      layout_gridville, lemuel_doored_altar, fedhas_ov_isle_minmay,
          uniq_eustachio, uniq_crazy_yiuf_cottage, uniq_duvessa, uniq_grinder,
          uniq_pikel
D:5:      layout_gridville, kennysheep_little_box,
          nicolae_overflow_hidden_temple, basic_altar, serial_shops,
          nicolae_shop_overgrown_old_shop, uniq_menkaure
D:6:      layout_loops_ring, lemuel_coloured_pillars_altar,
          minmay_temple_entry_proselytizer, basic_altar
D:7:      layout_cave_pools, serial_shops, nicolae_shop_trees, the_bakery,
          lightli_corner_chamber
Temple:   nicolae_temple_figure_eight
Abyss:2:  base: D:7, minivault_28, evilmike_abyss_exit_3

Skill      XL: |  1  2  3  4  5  6  7  8  9 |
---------------+----------------------------+-----
Fighting       | 3 4 5 6 7 |  7.0
Axes           | 3 5 6 7 8 |  8.1
Dodging        | 1 3 4 5 |  5.3
Armour         | 4 5 6 |  6.4
Shields        | 4 5 6 |  6.2

Action                   |  1- 3 |  4- 6 |  7- 9 || total
-------------------------+-------+-------+-------++-------
Melee: War axe           |    71 |    52 |   317 ||   440
 Abil: Heal Wounds       |     4 |     3 |    16 ||    23
  Use: Scroll            |       |       |    11 ||    11
       Potion            |       |       |     1 ||     1
  Eat: Chunk             |       |       |     4 ||     4
       Ration            |       |       |     1 ||     1
Armor: Scale mail        |    37 |    18 |   136 ||   191
       Plate armour      |       |       |    82 ||    82
Dodge: Dodged            |    32 |    17 |   216 ||   265
Block: Kite shield       |    48 |    27 |   260 ||   335

Table legend:
 A = Non-vault XP
 B = Vault XP
 C = Vault XP percentage of total XP
 D = Non-vault monster count
 E = Vault monster count
 F = Vault count percentage of total count
                 A         B        C        D         E       F
            +---------+---------+-------+---------+---------+-------
      Total |    2620 |    1597 |  37.9 |      77 |       8 |   9.4
            +---------+---------+-------+---------+---------+-------
        D:1 |       4 |       0 |   0.0 |       2 |       0 |   0.0
        D:2 |      15 |       0 |   0.0 |       2 |       0 |   0.0
        D:3 |      16 |       0 |   0.0 |       2 |       0 |   0.0
        D:4 |     283 |    1384 |  83.0 |      10 |       6 |  37.5
        D:5 |     212 |     172 |  44.8 |      11 |       1 |   8.3
        D:6 |     771 |      41 |   5.0 |      27 |       1 |   3.6
        D:7 |     886 |       0 |   0.0 |      22 |       0 |   0.0
    Abyss:2 |     433 |       0 |   0.0 |       1 |       0 |   0.0
            +---------+---------+-------+---------+---------+-------
